 Dungeon Crawl Stone Soup version 0.29.1-1-gd02db6906a (webtiles) character file.

Game seed: 12277873434022008665

32 pacmanke6689 the Cutter (level 3, -5/24 HPs)
             Began as a Human Wanderer on Oct 3, 2022.
             Killed by divine providence
             ... invoked by an orc priest
              (14 damage)
             ... on level 2 of the Dungeon.
             The game lasted 00:02:50 (1208 turns).

pacmanke6689 the Cutter (Human Wanderer)            Turns: 1208, Time: 00:02:51

Health: -5/24      AC:  3    Str: 13    XL:     3   Next: 42%
Magic:  7/7        EV: 12    Int: 13    God:
Gold:   82         SH:  0    Dex: 12    Spells: 7/8 levels left

rFire   . . .      SeeInvis .   a - +2 short sword
rCold   . . .      Faith    .   (no shield)
rNeg    . . .      Spirit   .   d - +0 robe
rPois   .          Reflect  .   (no helmet)
rElec   .          Harm     .   (no cloak)
rCorr   .          Rampage  .   b - +0 pair of gloves
Will    .....                   (no boots)
Stlth   +.........              (no amulet)
HPRegen 0.08/turn               (no ring)
MPRegen 0.10/turn               (no ring)

@: no status effects
A: no striking features
a: no special abilities


You were on level 2 of the Dungeon.
You visited 1 branch of the dungeon, and saw 2 of its levels.

You collected 82 gold pieces.

Inventory:

Hand Weapons
 a - a +2 short sword (weapon)
Armour
 b - a +0 pair of gloves (worn)
 d - a +0 robe (worn)
Potions
 c - a potion of haste
 e - a potion of berserk rage


   Skills:
 + Level 0.2 Fighting
 + Level 4.7 Short Blades
 + Level 2.1 Dodging
 + Level 0.1 Stealth
 + Level 3.2 Spellcasting
 * Level 1.1 Hexes


You had 7 spell levels left.
You knew the following spells:

 Your Spells              Type           Power      Damage    Failure   Level
a - Slow                  Hex            16%        N/A       14%         1

Your spell library contained the following spells:

 Spells                   Type           Power      Damage    Failure   Level
 Tukima's Dance           Hex            4%         N/A       38%         3


Dungeon Overview and Level Annotations

Branches:
Dungeon (2/15)

Altars:


Message History

Found a dagger.
You see here a bat corpse.
Found an escape hatch in the floor.
A giant cockroach, an orc and an orc wizard come into view.
The orc wizard is wielding a +1 dagger of electrocution.
The orc wizard shouts!
The orc shouts!
An orc priest comes into view. It is wielding a +0 dagger.
The orc priest looks braver for a moment.
An adder comes into view.
An orc priest comes into view. It is wielding a +0 flail.
Found a robe.
Found a stone staircase leading down.
The orc priest shouts!
You hear an angry hiss.
You hear a shout!
You hit the giant cockroach.
The giant cockroach is heavily wounded.
You hear an angry hiss.
The giant cockroach bites you but does no damage.
You closely miss the giant cockroach.
The giant cockroach is heavily wounded.
The giant cockroach barely misses you.
The orc priest hits you with a +0 flail!
You hit the giant cockroach.
You kill the giant cockroach!
The orc priest miscasts a cantrip.
You hit the orc priest.
The orc priest is lightly wounded.
The orc priest hits you with a +0 flail!
An orc comes into view. It is wielding a +0 flail.
You completely miss the orc priest.
The orc priest is lightly wounded.
The orc wizard gestures wildly while chanting.
The orc wizard flickers and vanishes!
Deactivating autopickup; reactivate with Ctrl-A.
The orc priest misses you.
The orc priest casts a cantrip, but nothing happens.
You hit the orc priest.
The orc priest is heavily wounded.
The orc priest invokes the aid of Beogh against you.
Beogh smites you!
Ouch! That really hurt!
You die...

###### .....# #.....#
.###.#####.....#
......o@{......#
..#...###o#<##.#
##### >....
#......#####....
.....
#..#.####.......
#..S$.
#o.#.####.####.. .[
##o# #o.#...##..#.#.#
.
o.o..#....#.##.#.#..#
.#...##o#.#....####.#
.......o#†####.......


You could see 2 orc priests.

Vanquished Creatures
  A dart slug (D:1)
  2 endoplasms (D:1)
  2 giant cockroaches
  A hobgoblin (D:1)
  4 jackals (D:1)
  2 quokkas (D:1)
  2 ball pythons (D:1)
  4 bats
  3 frilled lizards
  2 goblins (D:1)
  3 kobolds (D:1)
  2 rats (D:1)
28 creatures vanquished.

Notes
Turn   | Place    | Note
-------+----------+-------------------------------------------
     0 | D:1      | pacmanke6689 the Human Wanderer began the quest for the
                  | Orb.
     0 | D:1      | pacmanke6689 set off with the following items: a +2 short
                  | sword, a +0 pair of gloves, a potion of berserk rage, a +0
                  | robe; and the following spell memorised: Slow; and the
                  | following spells available to memorise: Tukima's Dance.
     0 | D:1      | Reached XP level 1. HP: 13/13 MP: 4/4
   262 | D:1      | Reached XP level 2. HP: 7/19 MP: 4/6
   902 | D:1      | Reached XP level 3. HP: 24/24 MP: 7/7
  1208 | D:2      | Killed from afar by an orc priest

Illustrated notes

Levels and vault maps discovered:
D:1:      evilmike_arrival_plus, layout_loops_ring, serial_glass,
          glass_columns_c, glass_columns_b
D:2:      layout_basic, minmay_misc_feat_tiny

Action                   || total
-------------------------++-------
Melee: Short sword       ||    76
       Punch             ||     1
 Cast: Slow              ||     4
  Use: Potion            ||     1
       Scroll            ||     2
Armor: Robe              ||    14
Dodge: Dodged            ||    27
